 Dungeon Crawl Stone Soup version 0.27.1 (webtiles) character file.

Game seed: 5582164745622055378

34 Malachi the Insei (level 3, 0/23 HPs)
             Began as an Octopode Transmuter on Aug 26, 2021.
             Slain by a hobgoblin (1 damage)
             ... on level 2 of the Dungeon.
             The game lasted 00:01:58 (1587 turns).

Malachi the Insei (Octopode Transmuter)             Turns: 1587, Time: 00:01:59

Health: 0/23       AC:  1    Str:  9    XL:     3   Next: 31%
Magic:  5/6        EV: 13    Int: 16    God:
Gold:   67         SH:  0    Dex: 12    Spells: 2/6 levels left

rFire    . . .     SeeInvis .     - Unarmed
rCold    . . .     Faith    .   (no shield)
rNeg     . . .     Spirit   .   (helmet currently unavailable)
rPois    .         Reflect  .   (no amulet)
rElec    .         Harm     .   (no ring)
rCorr    .         Rampage  .   (no ring)
Will     .....                  (no ring)
Stlth    ++........             (no ring)
HPRegen  0.07/turn              (no ring)
MPRegen  0.10/turn              (no ring)
                                (no ring)
                                (no ring)

@: lethally poisoned (0 -> -5), appendages
A: tentacle spike 3, almost no armour, amphibious, 8 rings, camouflage 1,
gelatinous body 1, (nimble swimmer 1), tentacles
a: End Transformation


You were on level 2 of the Dungeon.
One of your tentacles had grown a beastly spike.
You visited 1 branch of the dungeon, and saw 2 of its levels.

You collected 67 gold pieces.

Inventory:

Scrolls
 a - a scroll of fear {unknown}
 b - 3 scrolls of identify {unknown}
 d - a scroll of magic mapping {unknown}
Potions
 c - a potion of curing {unknown}
 e - 2 potions of mutation {unknown}
 f - 2 potions of heal wounds {unknown}


   Skills:
 - Level 1.0 Fighting
 - Level 2.0 Dodging
 - Level 3.4 Unarmed Combat
 - Level 2.0 Spellcasting
 * Level 3.0 Transmutations
 * Level 0.6 Poison Magic


You had 2 spell levels left.
You knew the following spells:

 Your Spells              Type           Power      Damage    Failure   Level
a - Beastly Appendage     Tmut           22%        N/A       6%          1
b - Spider Form           Tmut/Pois      3%         N/A       28%         3

Your spell library contained the following spells:

 Spells                   Type           Power      Damage    Failure   Level
 Wereblood                Tmut           11%        N/A       9%          2
 Ice Form                 Ice/Tmut       6%         N/A       73%         4


Dungeon Overview and Level Annotations

Branches:
Dungeon (2/15)

Altars:


Innate Abilities, Weirdness & Mutations

One of your tentacles has grown a beastly spike.
You cannot wear most types of armour.
You are amphibious.
You can wear up to eight rings at the same time.
Your skin changes colour to match your surroundings (Stealth+).
Your rubbery body absorbs attacks. (AC +1, EV +1)
((You are camouflaged near water. (Stealth+)))
You have tentacles for arms and can constrict up to eight enemies at once.


Message History

Found a stone staircase leading down.
A hobgoblin comes into view.
The hobgoblin shouts!
Casting: Beastly Appendage (safe; 6% risk of failure)
Press: ? - help, Q - select action Dir - look around, f - activate One of your tentacles grows a vicious spike.
Unknown command.
You closely miss the adder. Your grab misses the adder.
Your tentacle spike misses the adder.
The hobgoblin barely misses you. The adder bites you.
You tentacle-slap the adder but do no damage.
Your grab misses the adder.
Your tentacle spike misses the adder.
The hobgoblin closely misses you. The adder bites you.
You tentacle-slap the adder. Your grab misses the adder.
You pierce the adder.
Your squeeze misses the adder.
The adder is moderately wounded.
The adder bites you. The hobgoblin barely misses you.
A hobgoblin comes into view.
You miss the adder.
The hobgoblin shouts!
Your grab misses the adder.
The adder is moderately wounded.
The adder bites you.
You are poisoned.
The adder poisons you! The hobgoblin hits you.
The adder bites you but does no damage.
You barely miss the adder. You grab the adder.
You pierce the adder.
You squeeze the adder.
The adder is severely wounded.
You constrict the adder.
You feel sick. The hobgoblin hits you.
* * * LOW HITPOINT WARNING * * *
The adder bites you.
* * * LOW HITPOINT WARNING * * *
You barely miss the adder. You squeeze the adder.
The adder is almost dead.
You constrict the adder.
You kill the adder!
* * * LOW HITPOINT WARNING * * *
You feel sick. The hobgoblin hits you.
You die...

#..# ..# .g# >.# ..#
#.#....... #.#
#.#......r #.#
#g#....... #.#
#@#...S... #.# #†#.....
#.# #.#...
#.###########.#.#
#..(..........[.#
#.#####.......#####.
####.#####.###.........
................†......
##########.###.........


You could see 2 hobgoblins.

Vanquished Creatures
  2 adders (D:2)
  2 dart slugs (D:1)
  An endoplasm (D:1)
  A giant cockroach (D:2)
  2 goblins (D:1)
  3 hobgoblins (D:1)
  2 quokkas (D:1)
  A frilled lizard (D:1)
  4 kobolds (D:1)
  2 rats (D:1)
20 creatures vanquished.

Notes
Turn   | Place    | Note
-------+----------+-------------------------------------------
     0 | D:1      | Malachi the Octopode Transmuter began the quest for the
                  | Orb.
     0 | D:1      | Reached XP level 1. HP: 13/13 MP: 3/3
   372 | D:1      | Reached XP level 2. HP: 18/18 MP: 5/5
   581 | D:1      | You fall into a shaft and drop 1 floor!
   593 | D:2      | Found a faded altar of an unknown god.
   867 | D:1      | Reached XP level 3. HP: 11/23 MP: 6/6
  1154 | D:1      | Learned a level 3 spell: Spider Form
  1587 | D:2      | HP: 1/23 [poisoned by an adder]
  1587 | D:2      | Slain by a hobgoblin

Illustrated notes

Levels and vault maps discovered:
D:1:      eino_arrival_cavern_d, layout_basic
D:2:      layout_basic, chequers_ecumenical_altar_island

Skill      XL: |  1  2  3 |
---------------+----------+-----
Transmutations | 3 |  3.0
Fighting       | |  1.0
Dodging        | |  2.0
Unarmed Combat | |  3.4
Spellcasting   | |  2.0
Poison Magic   | |  0.6

Action                   || total
-------------------------++-------
Melee: Unarmed           ||    58
       Constrict         ||    15
       Tentacles         ||     9
       Kick              ||     4
       Punch             ||     1
 Cast: Beastly Appendage ||     6
 Stab: Sleeping          ||     2
Armor: Skin              ||     2
Dodge: Dodged            ||    31
